 Dungeon Crawl Stone Soup version 0.29.1-1-gd02db6906a (webtiles) character file.

Game seed: 9279277358902365457

23 Ashen the Chiller (level 2, -2/20 HPs)
             Began as a Demonspawn Ice Elementalist on Sept 15, 2022.
             Slain by a hobgoblin (3 damage)
             ... on level 2 of the Dungeon.
             The game lasted 00:01:15 (813 turns).

Ashen the Chiller (Demonspawn Ice Elementalist)      Turns: 813, Time: 00:01:15

Health: -2/20      AC:  2    Str:  8    XL:     2   Next: 72%
Magic:  5/5        EV: 12    Int: 16    God:
Gold:   31         SH:  0    Dex: 15    Spells: 4/5 levels left

rFire   . . .      SeeInvis .   f - +1 whip (freeze)
rCold   . . .      Faith    .   (no shield)
rNeg    . . .      Spirit   .   a - +0 robe
rPois   .          Reflect  .   (no helmet)
rElec   .          Harm     .   (no cloak)
rCorr   .          Rampage  .   (no gloves)
Will    .....                   (no boots)
Stlth   +++.......              (no amulet)
HPRegen 0.06/turn               (no ring)
MPRegen 0.09/turn               (no ring)

@: no status effects
A: thin skeletal structure 1
a: no special abilities


You were on level 2 of the Dungeon.
You visited 1 branch of the dungeon, and saw 2 of its levels.

You collected 31 gold pieces.

Inventory:

Hand Weapons
 f - a +1 whip of freezing (weapon)
Armour
 a - a +0 robe (worn)
Scrolls
 c - a scroll of teleportation {unknown}
Potions
 b - a potion of magic
 d - 2 potions of might {unknown}
 e - a potion of degeneration {unknown}


   Skills:
 + Level 0.7 Fighting
 + Level 2.1 Dodging
 + Level 2.1 Stealth
 + Level 2.2 Spellcasting
 + Level 3.8 Ice Magic


You had 4 spell levels left.
You knew the following spells:

 Your Spells              Type           Power      Damage    Failure   Level
a - Freeze                Ice            56%        1d7       4%          1

Your spell library contained the following spells:

 Spells                   Type           Power      Damage    Failure   Level
 Frozen Ramparts          Ice            28%        1d5       13%         3
 Ozocubu's Armour         Ice            14%        N/A       13%         3
 Hailstorm                Conj/Ice       7%         3d4       67%         4


Dungeon Overview and Level Annotations

Branches:
Dungeon (2/15)

Altars:


Innate Abilities, Weirdness & Mutations

You have a somewhat thin skeletal structure. (Dex +2, Stealth+)


Message History

Aim: a quokka (almost dead)
You freeze the quokka.
You kill the quokka!
HP restored.
You see here a +0 short sword.
You see here a +2 war axe of electrocution.
Found a club.
No target in view!
No target in view!
You now have 31 gold pieces (gained 14).
Found a stone staircase leading up.
There is a stone staircase leading up here.
You open the door.
A hobgoblin and a worm come into view.
Found a scroll labelled SAAPSE AQEN.
Found a stone staircase leading down.
Found a robe.
There is an open door here.
Found 14 gold pieces.
The helpless worm fails to defend itself.
You hit the worm. You freeze the worm.
The worm is moderately wounded.
The hobgoblin shouts!
The worm barely misses you.
You hit the worm. You freeze the worm.
The worm is heavily wounded.
The worm closely misses you.
You hit the worm. You freeze the worm.
The worm is severely wounded.
The hobgoblin misses you.
You barely miss the worm.
The worm is severely wounded.
The worm bites you. The hobgoblin misses you.
You barely miss the worm.
The worm is severely wounded.
The hobgoblin hits you. The worm bites you!
Ouch! That really hurt!
* * * LOW HITPOINT WARNING * * *
You are too injured to fight recklessly!
The hobgoblin attacks as you move away! The hobgoblin hits you.
You die...

) .. # # #.# # #+#######
#.#.# # .......[#
#.#.### ........# #
......
......g.######.#.###.###
......w@'....#.#........
..?>....##.....# ##....
........##.#.#######.#.#
........##.#.#.......#.#
$.......##.#.#.#######.#
##########.#.#<# #.#
#.#.#.#######.#
#.#.#......##.#
#.#.######.##.#


You could see a worm and a hobgoblin.

Vanquished Creatures
  An adder (D:2)
  A dart slug (D:1)
  A giant cockroach (D:1)
  A hobgoblin (D:1)
  2 quokkas
  A ball python (D:1)
  2 bats (D:1)
  2 kobolds
  2 rats (D:1)
13 creatures vanquished.

Notes
Turn   | Place    | Note
-------+----------+-------------------------------------------
     0 | D:1      | Ashen the Demonspawn Ice Elementalist began the quest for
                  | the Orb.
     0 | D:1      | Reached XP level 1. HP: 13/13 MP: 3/3
   470 | D:1      | Gained mutation: You have a somewhat thin skeletal
                  | structure. (Dex +2, Stealth+) [demonic ancestry]
   470 | D:1      | Reached XP level 2. HP: 17/19 MP: 5/5
   586 | D:1      | You fall into a shaft and drop 1 floor!
   812 | D:2      | HP: 1/20 [worm (10)]
   813 | D:2      | Slain by a hobgoblin

Illustrated notes

Levels and vault maps discovered:
D:1:      spicycebolla_arrival_clurvy, layout_loops_ring,
          hellmonk_ecumenical_altar_leap_of_faith
D:2:      layout_basic, solitary_fountain, minmay_tromino_v7, uniq_terence,
          uniq_sigmund, uniq_natasha, uniq_robin

Skill      XL: |  1  2 |
---------------+-------+-----
Stealth        | 2 |  2.1
Dodging        | 2 |  2.1
Fighting       | |  0.7
Spellcasting   | |  2.2
Ice Magic      | |  3.8

Action                   || total
-------------------------++-------
Melee: Unarmed           ||    14
       Whip              ||    19
       Punch             ||     2
 Cast: Freeze            ||    13
 Stab: Sleeping          ||     4
Armor: Robe              ||     8
Dodge: Dodged            ||    26
